 Dungeon Crawl Stone Soup version 0.28-a0-1087-gf3fc490d9d (webtiles) character file.

Game seed: 6947784523528903324

1337 ytrimaz the Insei (level 8, -4/54 HPs)
             Began as an Octopode Transmuter on Dec 10, 2021.
             Was an Initiate of Ashenzari.
             Slain by a two-headed ogre (28 damage)
             ... on level 5 of the Dungeon.
             The game lasted 00:06:58 (5655 turns).

ytrimaz the Insei (Octopode Transmuter)             Turns: 5655, Time: 00:06:58

Health: -4/54      AC:  2    Str: 10    XL:     8   Next: 61%
Magic:  11/14      EV: 23    Int: 17    God:    Ashenzari [......]
Gold:   35         SH:  0    Dex: 17    Spells: 5/15 levels left

rFire   + . .      SeeInvis .     - Unarmed
rCold   . . .      Faith    .   (shield currently unavailable)
rNeg    . . .      Spirit   .   (helmet currently unavailable)
rPois   x          Reflect  .   a - amulet of magic regeneration
rElec   .          Harm     .   c - +4 ring of evasion
rCorr   .          Rampage  .   n - ring of protection from fire
Will    .....                   (no ring)
Stlth   ++........              (no ring)
HPRegen 0.18/turn               (no ring)
MPRegen 0.54/turn               (no ring)
                                (no ring)
                                (no ring)

@: spider-form, wereblooded
A: venomous fangs, almost no armour, (amphibious), 8 rings, tiny, (camouflage
1), (gelatinous body 1), (nimble swimmer 1), (tentacles)
a: End Transformation, Renounce Religion


You were on level 5 of the Dungeon.
You worshipped Ashenzari.
Ashenzari was noncommittal.
You were a venomous arachnid creature.
You visited 2 branches of the dungeon, and saw 6 of its levels.
You also visited: Ossuary.

You collected 225 gold pieces.
You spent 190 gold pieces at shops.

Inventory:

Jewellery
 a - an amulet of magic regeneration (around neck)
 c - a +4 ring of evasion (left front leg)
 n - a ring of protection from fire (right front leg)
Scrolls
 b - 2 scrolls of magic mapping
 g - a scroll of holy word
 h - a scroll of blinking
 i - a scroll of fog
 k - a scroll of noise
 l - 2 scrolls of fear
Potions
 d - 3 potions of curing
 e - a potion of flight
 f - a potion of lignification
 j - 2 potions of cancellation
 m - a potion of heal wounds
 p - a potion of magic


   Skills:
 * Level 3.9 Fighting
 - Level 2.0 Dodging
 + Level 6.9 Unarmed Combat
 * Level 4.3 Spellcasting
 * Level 4.4 Transmutations
 - Level 0.6 Ice Magic
 * Level 4.0 Poison Magic


You had 5 spell levels left.
You knew the following spells:

 Your Spells              Type           Power      Damage    Failure   Level
a - Beastly Appendage     Tmut           36%        N/A       10%         1
b - Wereblood             Tmut           18%        N/A       12%         2
c - Spider Form           Tmut/Pois      18%        N/A       21%         3
d - Ice Form              Ice/Tmut       12%        N/A       69%         4

Your spell library contained the following spells:

 Spells                   Type           Power      Damage    Failure   Level


Dungeon Overview and Level Annotations

Branches:
Dungeon (5/15)             Temple (1/1) D:4         Ossuary (visited)

Altars:
Ashenzari
Cheibriados
Elyvilon
Fedhas
Gozag
Kikubaaqudgha
Makhleb
Qazlal
Trog
Uskayaw
Vehumet
Wu Jian
Xom
Yredelemnul
Zin
The Shining One

Shops:
D:4 *=[[

Annotations:
D:3 2 runed translucent doors


Innate Abilities, Weirdness & Mutations

You are a venomous arachnid creature.
You have poisonous fangs.
You are tiny and dextrous.
Your spellcasting is less reliable in this form.
Your armour is entirely melded.
You are incapable of wielding weapons or throwing items.
You cannot wear most types of armour.
((You are amphibious.))
You can wear up to eight rings at the same time.
((Your skin changes colour to match your surroundings (Stealth+).))
((Your rubbery body absorbs attacks. (AC +1, EV +1)))
((You are camouflaged near water. (Stealth+)))
((You have tentacles for arms and can constrict up to eight enemies at once.))


Message History

Unknown command.
You hit the two-headed ogre.
The two-headed ogre is lightly wounded.
The two-headed ogre misses you.
The two-headed ogre completely misses you.
Unknown command.
You hit the two-headed ogre.
The two-headed ogre looks as sick as possible!
The two-headed ogre is lightly wounded.
The two-headed ogre hits you with a +0 giant club!
The two-headed ogre completely misses you.
Unknown command.
You hit the two-headed ogre.
The two-headed ogre is moderately wounded.
Unknown command.
Your transformation is almost over.
The two-headed ogre hits you with a +0 giant club!
The two-headed ogre completely misses you.
Unknown command.
Your transformation has ended.
There is a stone staircase leading down here.
You feel much better.
Casting: Spider Form (dangerous; 8% risk of failure)
Confirm with . or Enter, or press ? or * to list all spells.
Your blood is infused with primal strength.
The two-headed ogre misses you. The two-headed ogre closely misses you.
Casting: Wereblood (safe; 3% risk of failure)
Confirm with . or Enter, or press ? or * to list all spells.
You turn into a venomous arachnid creature.
The two-headed ogre hits you with a +0 giant club!!
The two-headed ogre closely misses you.
Unknown command.
You hit the two-headed ogre but do no damage.
The two-headed ogre is heavily wounded.
You bite the two-headed ogre!
The two-headed ogre looks as sick as possible!
The two-headed ogre is severely wounded.
The two-headed ogre hits you with a +0 giant club!!
Ouch! That really hurt!
You die...

.##### .....#
.....#############
...........>.....#
...####.####.###.#
.....##.#..#.# #.#
........#..#.# #.#
........#..#.# #O#
........#..#.# #s#
........#..#.# #.#
....###.#.##.# #.#
....##.......# #.#
#.####..########.##
#.# #............#
..# #.############
..####. ......<


You could see a two-headed ogre (extremely poisoned).

Vanquished Creatures
  Pikel (D:2)
  A necrophage (D:4)
  3 ogres
  4 lemures (D:4)
  An elf zombie (Ossuary)
  A howler monkey (D:4)
  A bullfrog zombie (D:5)
  An orc priest (D:4)
  3 human zombies (Ossuary)
  A hound (D:5)
  A bullfrog skeleton (D:4)
  3 mummies (Ossuary)
  9 adders
  An ufetubus (D:5)
  4 adder zombies (Ossuary)
  2 worms (D:2)
  2 dart slugs
  2 orcs
  3 ball pythons
  4 endoplasms
  2 giant cockroaches
  2 gnoll zombies (Ossuary)
  12 goblins
  5 hobgoblins
  8 jackals
  5 quokkas
  A bat (D:2)
  2 frilled lizards
  4 goblin zombies (Ossuary)
  5 hobgoblin zombies (Ossuary)
  5 jackal zombies (Ossuary)
  8 kobolds
  A kobold zombie (Ossuary)
  4 orc zombies (Ossuary)
  3 quokka zombies (Ossuary)
  6 rats
  3 rat zombies (Ossuary)
124 creatures vanquished.

Vanquished Creatures (others)
  7 fungi (D:2)
  6 plants (D:2)
13 creatures vanquished.

Grand Total: 137 creatures vanquished

Notes
Turn   | Place    | Note
-------+----------+-------------------------------------------
     0 | D:1      | ytrimaz the Octopode Transmuter began the quest for the
                  | Orb.
     0 | D:1      | Reached XP level 1. HP: 13/13 MP: 3/3
   390 | D:1      | Reached XP level 2. HP: 18/18 MP: 5/5
  1070 | D:1      | Learned a level 2 spell: Wereblood
  1346 | D:2      | Reached XP level 3. HP: 14/23 MP: 6/6
  1350 | D:2      | Learned a level 3 spell: Spider Form
  1947 | D:2      | Reached XP level 4. HP: 26/28 MP: 7/7
  2028 | D:2      | Found a faded altar of an unknown god.
  2368 | D:3      | Reached skill level 4 in Unarmed Combat
  2471 | D:3      | Reached skill level 1 in Poison Magic
  2867 | D:3      | Noticed an ogre
  2875 | D:3      | Killed an ogre
  2876 | D:3      | Reached XP level 5. HP: 34/34 MP: 9/9
  2981 | D:3      | Found a large runed translucent door.
  2982 | D:3      | Found a large runed translucent door.
  2989 | D:3      | Found a shimmering altar of Xom.
  3113 | D:4      | Found Viup's Antique Armour Boutique.
  3134 | D:4      | Reached XP level 6. HP: 22/39 MP: 10/10
  3228 | D:4      | Found Okupuid's Assorted Antiques.
  3352 | D:4      | Noticed Pikel
  3372 | D:4      | Found a sand-covered staircase.
  3377 | Ossuary  | Entered an ossuary
  3628 | Ossuary  | Reached skill level 5 in Unarmed Combat
  3849 | Ossuary  | Reached XP level 7. HP: 17/45 MP: 11/11
  4228 | Ossuary  | Learned a level 4 spell: Ice Form
  4339 | D:4      | HP: 1/45 [Pikel (20)]
  4442 | D:2      | Killed Pikel
  4443 | D:2      | Reached skill level 6 in Unarmed Combat
  4443 | D:2      | Reached XP level 8. HP: 14/52 MP: 13/13
  4747 | D:4      | Found Bywuff's Armour Emporium.
  4994 | D:4      | Found a staircase to the Ecumenical Temple.
  5004 | Temple   | Entered the Ecumenical Temple
  5176 | Temple   | Became a worshipper of Ashenzari the Shackled
  5225 | D:4      | Found Luig's Jewellery Emporium.
  5383 | D:4      | Bought a shiny marble ring for 140 gold pieces
  5384 | D:4      | Bought a grey potion for 25 gold pieces
  5384 | D:4      | Bought an amethyst potion for 25 gold pieces
  5436 | D:5      | Entered Level 5 of the Dungeon
  5618 | D:5      | Noticed a two-headed ogre
  5655 | D:5      | Slain by a two-headed ogre

Illustrated notes

Levels and vault maps discovered:
D:1:      lightli_arrival_noodles, layout_loops_cross, minmay_quantized
D:2:      layout_rooms, dreamdust_ecumenical_altar_hidden_monk_grotto,
          hangedman_decor_clover_reticule, minmay_splitting_lines
D:3:      due_chaos_kobolds, layout_basic
D:4:      layout_basic, temple_green, serial_shops, nicolae_stop_n_shop_2,
          nicolae_shop_statue_plus, nicolae_stop_n_shop_2, shop,
          enter_ossuary_2, minmay_ogre_servants, uniq_pikel
D:5:      layout_basic, grunt_decor_fettered, uniq_duvessa
Temple:   eino_temple_rhombus

Skill      XL: |  1  2  3  4  5  6  7  8 |
---------------+-------------------------+-----
Unarmed Combat | 4 5 6 |  6.9
Poison Magic   | 1 2 3 4 |  4.0
Fighting       | 2 3 |  3.9
Spellcasting   | 3 4 |  4.3
Transmutations | 3 4 |  4.4
Dodging        | |  2.0
Ice Magic      | |  0.6

Action                   |  1- 3 |  4- 6 |  7- 9 || total
-------------------------+-------+-------+-------++-------
Melee: Unarmed           |    76 |   217 |    76 ||   369
       Constrict         |    25 |    53 |     4 ||    82
       Tentacles         |    10 |    32 |     6 ||    48
       Punch             |     5 |     5 |     3 ||    13
       Kick              |     3 |     6 |       ||     9
 Cast: Beastly Appendage |     7 |     3 |       ||    10
       Spider Form       |       |     2 |     8 ||    10
       Wereblood         |       |     5 |     4 ||     9
       Ice Form          |       |       |     1 ||     1
  Use: Scroll            |     6 |     3 |     7 ||    16
       Potion            |       |       |     3 ||     3
 Stab: Sleeping          |     5 |     5 |       ||    10
Armor: Skin              |     5 |     8 |     1 ||    14
Dodge: Dodged            |    63 |   176 |    62 ||   301

Table legend: (Time is in decaauts)
 A = Elapsed time spent in this place.
 B = Non-inter-level travel time spent in this place.
 C = Inter-level travel time spent in this place.
 D = Time resting spent in this place.
 E = Time spent auto-exploring this place.
 F = Levels seen in this place.
 G = Mean time per level.
                   A        B        C        D        E       F      G
               +--------+--------+--------+--------+--------+-----+--------+
         Total |   5626 |   5405 |    221 |    350 |   3941 |   7 |  803.7 |
       Dungeon |   4588 |   4397 |    191 |    344 |   3158 |   5 |  917.6 |
        Temple |    188 |    158 |     30 |      0 |    144 |   1 |  188.0 |
       Ossuary |    848 |    848 |      0 |      6 |    639 |   1 |  848.0 |
               +--------+--------+--------+--------+--------+-----+--------+

Top non-repeatable levels by time:
     D:2: 1339 daAuts
     D:1: 1248 daAuts
     D:4: 930 daAuts
     D:3: 854 daAuts
 Ossuary: 848 daAuts
     D:5: 216 daAuts
  Temple: 188 daAuts
